TOP OF THE 1ST |
Seattle Pikes batting - Pitching for Fresno Deplorables : RHP Dionisio Penni
|
Pitching: RHP Dionisio Penni
|
|
Batting: LHB Roberto Lozano
|
0-0: Ball 1-0: Ball 2-0: Ball 3-0: Base on Balls
|
Batting: RHB Wallace Greene
|
0-0: Ball 1-0: Called Strike Roberto Lozano steals 2nd base 1-1: Ball 2-1: Foul Ball, location: 2F 2-2: Ball 3-2: SINGLE (Flyball, 89S) Roberto Lozano to third Runner from 3rd tries for Home, SAFE, no throw
|
Batting: LHB Richard Hunter
|
0-0: Ball 1-0: Swinging Strike 1-1: Ball 2-1: Called Strike 2-2: Strikes out swinging
|
Batting: SHB António Hernández
|
0-0: Ball 1-0: Called Strike 1-1: Called Strike 1-2: Strikes out swinging
|
Batting: RHB Pete Rideout
|
0-0: Called Strike 0-1: Ball Wallace Greene steals 2nd base 1-1: Foul Ball, location: 2F 1-2: Strikes out looking
|
Top of the 1st over - 1 run(s), 1 hit(s), 0 error(s), 1 left on base; Seattle 1 - Fresno 0 |
BOTTOM OF THE 1ST |
Fresno Deplorables batting - Pitching for Seattle Pikes : RHP António Rijo
|
Pitching: RHP António Rijo
|
|
Batting: LHB Chance Santry
|
0-0: Swinging Strike 0-1: Fly out, F8 (Flyball, 78M)
|
Batting: RHB Manolo Román
|
0-0: Called Strike 0-1: Called Strike 0-2: Ball 1-2: SINGLE (Groundball, 3D)
|
Batting: LHB Jeff Daniels
|
0-0: Ball 1-0: Foul Ball, location: 2F 1-1: Ball 2-1: Foul Ball, location: 2F 2-2: Ball 3-2: Foul Ball, location: 2F 3-2: Foul Ball, location: 2F 3-2: Grounds into double play, 6-4-3 (Groundball, 6)
|
Bottom of the 1st over - 0 run(s), 1 hit(s), 0 error(s), 0 left on base; Seattle 1 - Fresno 0 |
TOP OF THE 2ND |
Seattle Pikes batting - Pitching for Fresno Deplorables : RHP Dionisio Penni
|
Batting: RHB Iván Gonzáles
|
0-0: Called Strike 0-1: Foul Ball, location: 2F 0-2: Ball 1-2: Ball 2-2: Strikes out swinging
|
Batting: LHB Eduardo Gómez
|
0-0: Ball 1-0: SINGLE (Flyball, 8LS)
|
Batting: RHB Luis Peńa
|
0-0: Ball 1-0: Ball 2-0: Ball 3-0: Called Strike 3-1: Called Strike 3-2: Grounds into double play, 6-4-3 (Groundball, 6)
|
Top of the 2nd over - 0 run(s), 1 hit(s), 0 error(s), 0 left on base; Seattle 1 - Fresno 0 |
BOTTOM OF THE 2ND |
Fresno Deplorables batting - Pitching for Seattle Pikes : RHP António Rijo
|
Batting: RHB Paco Arellano
|
0-0: Called Strike 0-1: Called Strike 0-2: Strikes out swinging
|
Batting: LHB Paul Mullins
|
0-0: Foul Ball, location: 2F 0-1: Swinging Strike 0-2: Fly out, F7 (Flyball, 7)
|
Batting: RHB Dani Vázquez
|
0-0: Foul Ball, location: 2F 0-1: Swinging Strike 0-2: Ball 1-2: Foul Ball, location: 2F 1-2: Foul Ball, location: 2F 1-2: Foul Ball, location: 2F 1-2: Strikes out swinging
|
Bottom of the 2nd over - 0 run(s), 0 hit(s), 0 error(s), 0 left on base; Seattle 1 - Fresno 0 |
TOP OF THE 3RD |
Seattle Pikes batting - Pitching for Fresno Deplorables : RHP Dionisio Penni
|
Batting: RHB Bill Mark
|
0-0: Called Strike 0-1: Fly out, F6 (Popup, 6MS)
|
Batting: LHB Roberto Lozano
|
0-0: Ball 1-0: Swinging Strike 1-1: Ball 2-1: Called Strike 2-2: Strikes out swinging
|
Batting: RHB Wallace Greene
|
0-0: Swinging Strike 0-1: DOUBLE (Groundball, 5L)
|
Batting: LHB Richard Hunter
|
0-0: Foul Ball, location: 2F 0-1: Foul Ball, location: 2F 0-2: Ball 1-2: Ball 2-2: Foul Ball, location: 2F 2-2: Fly out, F7 (Flyball, 7D)
|
Top of the 3rd over - 0 run(s), 1 hit(s), 0 error(s), 1 left on base; Seattle 1 - Fresno 0 |
BOTTOM OF THE 3RD |
Fresno Deplorables batting - Pitching for Seattle Pikes : RHP António Rijo
|
Batting: RHB Jared Thompson
|
0-0: SINGLE (Line Drive, 6MD)
|
Batting: RHB Alberto Campos
|
0-0: Called Strike 0-1: Called Strike 0-2: Ball 1-2: Ball 2-2: Grounds into double play, 5-4-3 (Groundball, 56)
|
Batting: RHB Peter Hensley
|
0-0: Called Strike 0-1: Ball 1-1: Ball 2-1: Ball 3-1: Ground out 4-3 (Groundball, 4)
|
Bottom of the 3rd over - 0 run(s), 1 hit(s), 0 error(s), 0 left on base; Seattle 1 - Fresno 0 |
TOP OF THE 4TH |
Seattle Pikes batting - Pitching for Fresno Deplorables : RHP Dionisio Penni
|
Batting: SHB António Hernández
|
0-0: Swinging Strike 0-1: Ball 1-1: Called Strike 1-2: Foul Ball, location: 2F 1-2: Ball 2-2: Strikes out looking
|
Batting: RHB Pete Rideout
|
0-0: Ball 1-0: Swinging Strike 1-1: Ball 2-1: Ball 3-1: Called Strike 3-2: Strikes out swinging
|
Batting: RHB Iván Gonzáles
|
0-0: Called Strike 0-1: Ball 1-1: Called Strike 1-2: SINGLE (Popup, 34D)
|
Batting: LHB Eduardo Gómez
|
0-0: Called Strike 0-1: Ball 1-1: Foul Ball, location: 2F 1-2: Fielders Choice at 2nd, 4-6 (Groundball, 4)
|
Top of the 4th over - 0 run(s), 1 hit(s), 0 error(s), 0 left on base; Seattle 1 - Fresno 0 |
BOTTOM OF THE 4TH |
Fresno Deplorables batting - Pitching for Seattle Pikes : RHP António Rijo
|
Batting: LHB Chance Santry
|
0-0: Ball 1-0: Called Strike 1-1: Ball 2-1: SINGLE (Line Drive, 4D)
|
Batting: RHB Manolo Román
|
0-0: Ball 1-0: Ball 2-0: Ball 3-0: Called Strike 3-1: Foul Ball, location: 2F 3-2: Foul Ball, location: 2F 3-2: Foul Ball, location: 2F 3-2: Foul Ball, location: 2F 3-2: Fly out, F8 (Flyball, 8RD)
|
Batting: LHB Jeff Daniels
|
0-0: Grounds into double play, 4-6-3 (Groundball, 4)
|
Bottom of the 4th over - 0 run(s), 1 hit(s), 0 error(s), 0 left on base; Seattle 1 - Fresno 0 |
TOP OF THE 5TH |
Seattle Pikes batting - Pitching for Fresno Deplorables : RHP Dionisio Penni
|
Batting: RHB Luis Peńa
|
0-0: Ball 1-0: Swinging Strike 1-1: Foul Ball, location: 2F 1-2: Strikes out swinging
|
Batting: RHB Bill Mark
|
0-0: Ball 1-0: Fly out, F2 (Popup, 2L)
|
Batting: LHB Roberto Lozano
|
0-0: Called Strike 0-1: Ball 1-1: Foul Ball, location: 2F 1-2: Ground out 6-3 (Groundball, 6)
|
Top of the 5th over - 0 run(s), 0 hit(s), 0 error(s), 0 left on base; Seattle 1 - Fresno 0 |
BOTTOM OF THE 5TH |
Fresno Deplorables batting - Pitching for Seattle Pikes : RHP António Rijo
|
Batting: RHB Paco Arellano
|
0-0: Ground out U3 (Groundball, 34)
|
Batting: LHB Paul Mullins
|
0-0: Called Strike 0-1: Foul Ball, location: 2F 0-2: Strikes out looking
|
Batting: RHB Dani Vázquez
|
0-0: Ball 1-0: Ground out 4-3 (Groundball, 4)
|
Bottom of the 5th over - 0 run(s), 0 hit(s), 0 error(s), 0 left on base; Seattle 1 - Fresno 0 |
TOP OF THE 6TH |
Seattle Pikes batting - Pitching for Fresno Deplorables : RHP Dionisio Penni
|
Batting: RHB Wallace Greene
|
0-0: Ball 1-0: Fly out, F9 (Flyball, 89S)
|
Batting: LHB Richard Hunter
|
0-0: Called Strike 0-1: Ball 1-1: Ball 2-1: Ground out U3 (Groundball, 3)
|
Batting: SHB António Hernández
|
0-0: Called Strike 0-1: Ball 1-1: Ball 2-1: Swinging Strike 2-2: Ball 3-2: Base on Balls
|
Batting: RHB Pete Rideout
|
0-0: Ball 1-0: Called Strike 1-1: Ball 2-1: Called Strike António Hernández is caught stealing 2nd base
|
Top of the 6th over - 0 run(s), 0 hit(s), 0 error(s), 0 left on base; Seattle 1 - Fresno 0 |
BOTTOM OF THE 6TH |
Fresno Deplorables batting - Pitching for Seattle Pikes : RHP António Rijo
|
Batting: RHB Jared Thompson
|
0-0: Called Strike 0-1: Ball 1-1: Ball 2-1: Fly out, F3 (Popup, 3S)
|
Batting: RHB Alberto Campos
|
0-0: Called Strike 0-1: Ball 1-1: SINGLE (Flyball, 78S)
|
Batting: RHB Peter Hensley
|
0-0: Grounds into double play, 4-6-3 (Groundball, 4)
|
Bottom of the 6th over - 0 run(s), 1 hit(s), 0 error(s), 0 left on base; Seattle 1 - Fresno 0 |
TOP OF THE 7TH |
Seattle Pikes batting - Pitching for Fresno Deplorables : RHP Dionisio Penni
|
Pitching: RHP Manuel Fuentes
|
|
Batting: RHB Pete Rideout
|
0-0: Called Strike 0-1: Ground out 6-3 (Groundball, 56)
|
Batting: RHB Iván Gonzáles
|
0-0: Called Strike 0-1: Called Strike 0-2: Ball 1-2: SINGLE (Groundball, 6MD)
|
Batting: LHB Eduardo Gómez
|
0-0: Called Strike 0-1: Foul Ball, location: 2F 0-2: Ground out U3 (Groundball, 3L) Iván Gonzáles to second
|
Pinch Hitting: RHB Dennis Stephenson
|
0-0: Called Strike 0-1: 2-RUN HOME RUN (Flyball, 7D), Distance : 350 ft
|
Batting: RHB Bill Mark
|
0-0: Ball 1-0: Ground out 1-3 (Groundball, 15S)
|
Top of the 7th over - 2 run(s), 2 hit(s), 0 error(s), 0 left on base; Seattle 3 - Fresno 0 |
BOTTOM OF THE 7TH |
Fresno Deplorables batting - Pitching for Seattle Pikes : RHP António Rijo
|
Now in LF: John Nicholson
|
|
Batting: LHB Chance Santry
|
0-0: Ground out 3-1 (Groundball, 34)
|
Batting: RHB Manolo Román
|
0-0: Called Strike 0-1: Ball 1-1: Foul Ball, location: 2F 1-2: Ball 2-2: SINGLE (Groundball, 6MD)
|
Batting: LHB Jeff Daniels
|
0-0: Ball 1-0: Called Strike 1-1: Called Strike 1-2: Foul Ball, location: 2F 1-2: Foul Ball, location: 2F 1-2: Foul Ball, location: 2F 1-2: SINGLE (Line Drive, 7LS) Manolo Román to second
|
Batting: RHB Paco Arellano
|
0-0: Ball 1-0: Foul Ball, location: 2F 1-1: Fly out, F9 (Flyball, 9S)
|
Batting: LHB Paul Mullins
|
0-0: Ball 1-0: Ball 2-0: Foul Ball, location: 2F 2-1: Swinging Strike 2-2: Ball 3-2: Base on Balls Manolo Román to third Jeff Daniels to second
|
Batting: RHB Dani Vázquez
|
0-0: Ball 1-0: Ball 2-0: Swinging Strike 2-1: Foul Ball, location: 2F 2-2: Ground out 6-3 (Groundball, 6D)
|
Bottom of the 7th over - 0 run(s), 2 hit(s), 0 error(s), 3 left on base; Seattle 3 - Fresno 0 |
TOP OF THE 8TH |
Seattle Pikes batting - Pitching for Fresno Deplorables : RHP Manuel Fuentes
|
Batting: LHB Roberto Lozano
|
0-0: Swinging Strike 0-1: Ball 1-1: Ball 2-1: Fly out, F7 (Flyball, 78S)
|
Batting: RHB Wallace Greene
|
0-0: Swinging Strike 0-1: Called Strike 0-2: Foul Ball, location: 2F 0-2: Foul Ball, location: 2F 0-2: Ball 1-2: Strikes out swinging
|
Batting: LHB Richard Hunter
|
0-0: Foul Ball, location: 2F 0-1: Ball 1-1: Foul Ball, location: 2F 1-2: Ball 2-2: Strikes out swinging
|
Top of the 8th over - 0 run(s), 0 hit(s), 0 error(s), 0 left on base; Seattle 3 - Fresno 0 |
BOTTOM OF THE 8TH |
Fresno Deplorables batting - Pitching for Seattle Pikes : RHP António Rijo
|
Batting: RHB Jared Thompson
|
0-0: Called Strike 0-1: Fly out, F8 (Flyball, 8RXD)
|
Batting: RHB Alberto Campos
|
0-0: Ball 1-0: Called Strike 1-1: Swinging Strike 1-2: Fly out, F2 (Popup, 2L)
|
Batting: RHB Peter Hensley
|
0-0: Called Strike 0-1: Ball 1-1: Swinging Strike 1-2: Foul Ball, location: 2F 1-2: Ball 2-2: Strikes out swinging
|
Bottom of the 8th over - 0 run(s), 0 hit(s), 0 error(s), 0 left on base; Seattle 3 - Fresno 0 |
TOP OF THE 9TH |
Seattle Pikes batting - Pitching for Fresno Deplorables : RHP Manuel Fuentes
|
Pitching: LHP Valentín Reséndez
|
|
Batting: SHB António Hernández
|
0-0: Called Strike 0-1: Ball 1-1: Called Strike 1-2: Strikes out swinging
|
Batting: RHB Pete Rideout
|
0-0: Ball 1-0: Ball 2-0: Ball 3-0: Base on Balls
|
Batting: RHB Iván Gonzáles
|
0-0: Called Strike 0-1: Called Strike 0-2: Ball 1-2: Ball 2-2: Strikes out looking
|
Batting: LHB Eduardo Gómez
|
0-0: Ball 1-0: Foul Ball, location: 2F 1-1: Ball 2-1: Fly out, F8 (Flyball, 8RD)
|
Top of the 9th over - 0 run(s), 0 hit(s), 0 error(s), 1 left on base; Seattle 3 - Fresno 0 |
BOTTOM OF THE 9TH |
Fresno Deplorables batting - Pitching for Seattle Pikes : RHP António Rijo
|
Pitching: LHP Manny Sandoval
|
|
Batting: LHB Chance Santry
|
0-0: Ball 1-0: Called Strike 1-1: Ball 2-1: Called Strike 2-2: Foul Ball, location: 2F 2-2: Ball 3-2: Strikes out swinging
|
Batting: RHB Manolo Román
|
0-0: Called Strike 0-1: SINGLE (Groundball, 6MD)
|
Batting: LHB Jeff Daniels
|
0-0: Ball 1-0: Called Strike 1-1: Reached via error on a dropped throw, E3 Manolo Román to second
|
Batting: RHB Paco Arellano
|
0-0: Ball 1-0: Ball 2-0: Ball 3-0: Called Strike 3-1: Base on Balls Manolo Román to third Jeff Daniels to second
|
Batting: LHB Paul Mullins
|
0-0: Foul Ball, location: 2F 0-1: Ball 1-1: Swinging Strike 1-2: Ball 2-2: Grounds into double play, 6-4-3 (Groundball, 6)
|
Bottom of the 9th over - 0 run(s), 1 hit(s), 1 error(s), 2 left on base; Seattle 3 - Fresno 0 |
|